 Dungeon Sprint DCSS version 0.29.1-12-g30fa7ad0bf (webtiles) character file.

Game seed: 16181974603890909989

178 112233 the Digger (level 5, 0/64 HPs)
             Began as a Demonspawn Earth Elementalist on Dec 25, 2022.
             Succumbed to a scorpion's poison
             ... in the Dungeon (Sprint IX: "|||||||||||||||||||||||||||||").
             The game lasted 00:00:53 (303 turns).

112233 the Digger (Demonspawn Earth Elementalist)    Turns: 303, Time: 00:00:53

Health: 0/64       AC:  3    Str:  8    XL:     5   Next: 32%
Magic:  1/13       EV: 14    Int: 19    God:
Gold:   0          SH:  0    Dex: 13    Spells: 14/15 levels left

rFire   . . .      SeeInvis .   (no weapon)
rCold   . . .      Faith    .   (no shield)
rNeg    . . .      Spirit   .   a - +0 robe
rPois   .          Reflect  .   (helmet restricted)
rElec   .          Harm     .   (no cloak)
rCorr   .          Rampage  .   (no gloves)
Will    .....      NoTele   +   (no boots)
Stlth   ..........              (no amulet)
HPRegen 0.20/turn               (no ring)
MPRegen 0.13/turn               (no ring)

@: berserking (expiring), lethally poisoned (0 -> -6), very quick
A: horns 1, rugged brown scales 1, powered by pain 1
a: no special abilities


You were in the Dungeon.
You visited 1 branch

Inventory:

Armour
 a - a +0 robe (worn)
Scrolls
 g - a scroll of blinking
Potions
 d - a potion of heal wounds
 e - a potion of haste


   Skills:
 + Level 3.8 Fighting
 * Level 5.4 Dodging
 - Level 1.8 Stealth
 * Level 5.5 Spellcasting
 - Level 0.8 Transmutations
 * Level 6.2 Earth Magic


You had 14 spell levels left.
You knew the following spells:

 Your Spells              Type           Power      Damage    Failure   Level
a - Sandblast             Erth           56%        2d13      1%          1

Your spell library contained the following spells:

 Spells                   Type           Power      Damage    Failure   Level
 Passwall                 Tmut/Erth      15%        N/A       4%          2
 Stone Arrow              Conj/Erth      34%        3d9       10%         3
 Petrify                  Tmut/Erth      18%        N/A       26%         4


Dungeon Overview and Level Annotations

Branches:
Dungeon (1/1)

Altars:


Innate Abilities, Weirdness & Mutations

You have a pair of small horns on your head.
You are partially covered in rugged brown scales. (AC +1, +3% HP)
You sometimes gain a little power by taking damage.


Message History

The scorpion is moderately wounded.
The scorpion stings you.
* * * LOW HITPOINT WARNING * * *
You hit the scorpion.
The scorpion is heavily wounded.
The scorpion stings you.
* * * LOW HITPOINT WARNING * * *
You barely miss the scorpion.
The scorpion is heavily wounded.
The scorpion barely misses you.
You hit the scorpion but do no damage.
The scorpion is heavily wounded.
The scorpion stings you.
* * * LOW HITPOINT WARNING * * *
Unknown command.
You closely miss the scorpion. Your headbutt misses the scorpion.
The scorpion is heavily wounded.
The scorpion stings you.
* * * LOW HITPOINT WARNING * * *
You are lethally poisoned!
The scorpion poisons you!
You hit the scorpion but do no damage.
The scorpion is heavily wounded.
* * * LOW HITPOINT WARNING * * *
You feel sick.
Unknown command.
You hit the scorpion.
The scorpion is severely wounded.
* * * LOW HITPOINT WARNING * * *
You feel sick.
The scorpion stings you but does no damage.
Unknown command.
You hit the scorpion. Your headbutt misses the scorpion.
The scorpion is severely wounded.
* * * LOW HITPOINT WARNING * * *
You feel sick. The scorpion misses you.
Unknown command.
You closely miss the scorpion. You headbutt the scorpion.
The scorpion is severely wounded.
You die... ▓▓▓▓▓▓▓▓▓▓▓▓▓▓▓▓▓▓ ▓@s.÷÷.....'....s+ ▓▓▓▓▓▓▓▓▓▓▓▓▓▓▓▓▓▓

You could see a scorpion.

Vanquished Creatures
  A necrophage (D)
  A scorpion (D)
  A jelly (D)
  A hound (D)
  A ball python (D)
  A bat (D)
  2 hobgoblins (D)
  A rat (D)
9 creatures vanquished.

Notes
Turn   | Place    | Note
-------+----------+-------------------------------------------
     0 | D        | 112233 the Demonspawn Earth Elementalist began the quest
                  | for the Orb.
     0 | D        | Reached XP level 1. HP: 13/13 MP: 3/3
     7 | D        | Reached skill level 3 in Earth Magic
   264 | D        | Noticed a necrophage
   264 | D        | Noticed a jelly
   264 | D        | Noticed a hound
   264 | D        | Noticed a scorpion
   264 | D        | Noticed a scorpion
   276 | D        | Killed a necrophage
   277 | D        | Reached skill level 4 in Earth Magic
   277 | D        | Gained mutation: You are partially covered in rugged brown
                  | scales. (AC +1, +3% HP) [demonic ancestry]
   277 | D        | Reached XP level 2. HP: 10/23 MP: 1/7
   277 | D        | Gained mutation: You sometimes gain a little power by
                  | taking damage. [demonic ancestry]
   277 | D        | Reached XP level 3. HP: 13/28 MP: 1/8
   278 | D        | Reached skill level 5 in Earth Magic
   278 | D        | Reached XP level 4. HP: 16/35 MP: 1/10
   293 | D        | Killed a scorpion
   294 | D        | Reached skill level 5 in Dodging
   294 | D        | Reached skill level 5 in Spellcasting
   294 | D        | Reached skill level 6 in Earth Magic
   294 | D        | Gained mutation: You have a pair of small horns on your
                  | head. [demonic ancestry]
   294 | D        | Reached XP level 5. HP: 18/43 MP: 0/13
   301 | D        | HP: 2/64 [poisoned by a scorpion]
   303 | D        | Succumbed to a scorpion's poison

Illustrated notes

Levels and vault maps discovered:
D:        linesprint [early_d, line_temple, items_1, d_10, items_2, lair_1,
          lair_end, items_3, orc_1, orc_end, items_4, d_15, swamp_1, shoals_1,
          snake_1, spider_1, d_20, vaults_1, items_5, swamp_end, shoals_end,
          snake_end, spider_end, vaults_end, d_27, items_6, zot_1, zot_end,
          crypt_end, forest_end, elf_end, slime_end, tomb_end, abyss_end,
          pan_hell_end]

Skill      XL: |  1  2  3  4 |
---------------+-------------+-----
Earth Magic    | 4 5 6 |  6.2
Dodging        | 3 4 5 |  5.4
Fighting       | 2 3 |  3.8
Spellcasting   | 4 5 |  5.5
Stealth        | |  1.8
Transmutations | |  0.8

Action                   |  1- 3 |  4- 6 || total
-------------------------+-------+-------++-------
Melee: Unarmed           |       |    17 ||    17
       Headbutt          |       |     1 ||     1
 Cast: Sandblast         |    17 |     2 ||    19
  Use: Potion            |     3 |     2 ||     5
Armor: Robe              |       |     3 ||     3
Dodge: Dodged            |    21 |    11 ||    32
